 Dungeon Sprint DCSS version 0.18.1-47-g9310371 (webtiles) character file.

144 rftp080 the Slasher (level 5, 37/55 HPs)
             Began as a Deep Dwarf Berserker on June 20, 2016.
             Was a Priest of Trog.
             Got out of the dungeon alive.
             The game lasted 00:01:14 (128 turns).

rftp080 the Slasher (Deep Dwarf Berserker)           Turns: 128, Time: 00:01:15

Health: 37/55      AC:  2    Str: 21    XL:     5   Next: 5%
Magic:  5/5        EV: 14    Int:  7    God:    Trog [***...]
Gold:   0          SH:  0    Dex: 13    Spells: 0 memorised, 4 levels left

rFire  . . .     SeeInvis .     a - +0 falchion
rCold  . . .     Gourm    .     b - +0 animal skin
rNeg   . . .     Faith    .     (no shield)
rPois  .         Spirit   .     (no helmet)
rElec  .         Dismiss  .     (no cloak)
rCorr  .         Reflect  .     (no gloves)
SustAt .         Harm     .     (no boots)
MR     .....     NoTele   +     (no amulet)
Stlth  ++........               (no ring)
                                (no ring)

@: very slightly contaminated, non-regenerating, not resistant to hostile
enchantments, unstealthy
A: damage resistance, recharge devices, sense surroundings 1, slow regeneration
3
a: Device Recharging, Berserk, Trog's Hand, Burn Spellbooks, Renounce Religion


You escaped.
You worshipped Trog.
Trog was most pleased with you.
You were not hungry.

You visited 1 branch

Inventory:

Hand Weapons
 a - a +0 falchion (weapon)
Armour
 b - a +0 animal skin (worn)
Wands
 c - a wand of heal wounds (4/9)
Scrolls
 j - a scroll of blinking
Potions
 e - a potion of curing
 f - a potion of heal wounds
 h - 2 potions of magic
 i - a potion of berserk rage
Comestibles
 d - a bread ration
 k - 5 chunks of flesh


   Skills:
 + Level 6.3 Fighting
 * Level 6.7 Long Blades
 + Level 4.0 Armour
 + Level 4.8 Dodging
 - Level 1.1 Stealth


You had 4 spell levels left.
You didn't know any spells.

Dungeon Overview and Level Annotations

Branches:
Dungeon (1/1)

Altars:
Kikubaaqudgha
Vehumet
Xom
Yredelemnul
Zin
The Shining One


Innate Abilities, Weirdness & Mutations

You are resistant to damage.
You can recharge devices by infusing magical energy.
You passively map a small area around you.
You do not regenerate naturally.


Message History

You can't eat that!
You don't know any spells.
Unknown command.
There is an open door, spattered with blood here.
There is an open door to the Dungeon here.
Your extra speed is starting to run out.
There is a staircase leading out of the dungeon here.
There is an open door to the Dungeon here.
You feel yourself slow down.
There is an open door, spattered with blood here.
You open the door.
You are no longer poisoned.
Found six altars.
There is an open door, spattered with blood here.
There is an open door to the Dungeon here.
There is a staircase leading out of the dungeon here.
Are you sure you want to leave the Dungeon?
This will make you lose the game!
Uppercase [Y]es or [N]o only, please.
Are you sure you want to leave the Dungeon?
This will make you lose the game!
You have escaped!

, * *, , , * * *
** * * ,,+ , , , *
** * * , , , , , ,
▓▓▓▓▓▓▓▓▓▓▓▓▓▓▓▓▓▓
▓@...'.....'.....'
▓▓▓▓▓▓▓▓▓▓▓▓▓▓▓▓▓▓


There were no monsters in sight!

Vanquished Creatures
  A water moccasin (D)
  A hound (D)
  An ooze (D)
  2 giant geckos (D)
  A bat skeleton (D)
  A jackal (D)
  A bat (D)
  A giant newt (D)
  A rat (D)
10 creatures vanquished.

Notes
Turn   | Place    | Note
--------------------------------------------------------------
     0 | D        | rftp080 the Deep Dwarf Berserker began the quest for the Orb.
     0 | D        | Reached XP level 1. HP: 20/20 MP: 1/1
    13 | D        | Reached ** piety under Trog
    16 | D        | Reached XP level 2. HP: 30/30 MP: 2/2
    42 | D        | Noticed a water moccasin
    62 | D        | Killed a water moccasin
    62 | D        | Reached *** piety under Trog
    62 | D        | Reached skill level 1 in Stealth
    62 | D        | Reached XP level 3. HP: 32/40 MP: 3/3
    62 | D        | Reached XP level 4. HP: 38/48 MP: 4/4
    72 | D        | Reached XP level 5. HP: 37/55 MP: 5/5
   111 | D        | Found a glowing silver altar of Zin.
   111 | D        | Found a glowing golden altar of the Shining One.
   111 | D        | Found an ancient bone altar of Kikubaaqudgha.
   111 | D        | Found a basalt altar of Yredelemnul.
   111 | D        | Found a shimmering altar of Xom.
   111 | D        | Found a radiant altar of Vehumet.
   128 | D        | Got out of the dungeon alive.

Skill      XL: |  1  2  3  4 |
---------------+-------------+-----
Fighting       | 3 6 |  6.3
Long Blades    | 6 |  6.7
Armour         | 3 4 |  4.0
Dodging        | 4 |  4.8
Stealth        | 1 |  1.1

Action                   |  1- 3 |  4- 6 || total
-------------------------+-------+-------++-------
Melee: Falchion          |    31 |    17 ||    48
Invok: Berserk           |     1 |       ||     1
Evoke: Wand              |     1 |       ||     1
  Use: Potion            |     1 |       ||     1
 Stab: Sleeping          |     1 |       ||     1
Armor: Animal skin       |     2 |     1 ||     3
Dodge: Dodged            |    12 |     5 ||    17
